 Dungeon Crawl Stone Soup version 0.31-a0-1308-ga3cce3a448 (webtiles) character file.

Game seed: 3052017620021396662

812 timneilson the Covered (level 7, 0/44 HPs)
             Began as a Gargoyle Fighter on Dec 19, 2023.
             Slain by an ogre
             ... wielding a +0 giant club
              (3 damage)
             ... on level 5 of the Dungeon.
             The game lasted 00:06:07 (4078 turns).

timneilson the Covered (Gargoyle Fighter)           Turns: 4078, Time: 00:06:07

Health: 0/44       AC: 16    Str: 20    XL:     7   Next: 93%
Magic:  7/7        EV: 10    Int:  8    God:
Gold:   174        SH:  6    Dex: 11    Spells: 6/6 levels left

rFire   . . .        a - +1 long sword
rCold   . . .        c - +1 buckler
rNeg    + . .        b - +0 scale mail
rPois   ∞            (no helmet)
rElec   +            (no cloak)
rCorr   .            (no gloves)
SInv    .            (no boots)
Will    +....        (no amulet) Stlth
                     g - ring "Utuexix" {Will+ AC+4}
HPRegen 0.27/turn    (no ring)
MPRegen 0.10/turn

%: no passive effects
@: no status effects
A: sickness immunity, AC +4, negative energy resistance 1, electricity
resistance, torment resistance 1, petrification resistance
a: no special abilities


You were on level 5 of the Dungeon.
You visited 1 branch of the dungeon, and saw 5 of its levels.

You collected 174 gold pieces.

Inventory:

Hand Weapons
 a - a +1 long sword (weapon)
Missiles
 o - 2 throwing nets
Armour
 b - a +0 scale mail (worn)
 c - a +1 buckler (worn)
Jewellery
 g - the ring "Utuexix" (left hand) {Will+ AC+4}
   (You found it on level 2 of the Dungeon)

   [ring of protection]

   AC+4:      It affects your AC (+4).
   Will+:     It increases your willpower.
Wands
 k - a wand of quicksilver (7)
Scrolls
 e - 2 scrolls of identify
 h - 3 scrolls of teleportation
 j - a scroll of blinking
 l - 2 scrolls of amnesia
 m - 3 scrolls of enchant armour
Potions
 d - 2 potions of might
 f - 4 potions of curing
 i - a potion of mutation
 n - 2 potions of cancellation
 p - a potion of lignification {unknown}


   Skills:
 + Level 4.8 Fighting
 * Level 4.1 Long Blades
 * Level 5.7 Armour
 + Level 2.2 Dodging
 * Level 5.6 Shields


You had 6 spell levels left.
You didn't know any spells.
Your spell library contained the following spells:

 Spells                   Type           Power      Damage    Failure   Level
 Sting                    Tmut/Pois      0%         1d3       80%         1
 Poisonous Vapours        Pois/Air       0%         N/A       91%         2
 Mephitic Cloud           Conj/Pois/Air  0%         N/A       99%         3
 Olgreb's Toxic Radiance  Pois           0%         N/A       100%        4
 Passage of Golubria      Tloc           0%         N/A       100%        4
 Freezing Cloud           Conj/Ice/Air   0%         6-21      100%        5
 Silence                  Hex/Air        0%         N/A       100%        5
 Lehudib's Crystal Spear  Conj/Erth      0%         10d2      100%        8


Dungeon Overview and Level Annotations

Branches:
Dungeon (5/15)
 Temple: D:4-7

Altars:
Zin


Innate Abilities, Weirdness & Mutations

You are immune to sickness and miasma.
Your stone body is resilient. (AC +4)
You are immune to poison.
You resist negative energy. (rN+)
You are resistant to electric shocks. (rElec)
You are resistant to unholy torment.
You are immune to petrification.


Message History

The orc is almost dead.
The orc barely misses you.
You slash the orc!
You kill the orc!
Things that are here:
a +0 falchion; 3 boomerangs An adder comes into view.
The adder hisses angrily.
You block the adder's attack. The adder bites you.
You miss the adder. The adder bites you but does no damage.
You miss the adder. The adder bites you but does no damage.
The adder closely misses you.
You completely miss the adder. The adder barely misses you. x2
You hit the adder.
The adder is heavily wounded.
The adder bites you.
You closely miss the adder.
The adder is heavily wounded.
The adder barely misses you. The adder closely misses you.
You hit the adder.
The adder is severely wounded.
The adder misses you.
You slash the adder!
You kill the adder!
You see here an adder corpse.
You see here an adder corpse.
An ogre comes into view. It is wielding a +0 giant club.
Found a scroll labelled CITTAF AFIDD.
The ogre shouts!
You barely miss the ogre. The ogre hits you with a +0 giant club!
You hit the ogre.
The ogre is lightly wounded.
The ogre hits you with a +0 giant club!!
* * * LOW HITPOINT WARNING * * *
You barely miss the ogre. The ogre hits you with a +0 giant club!
* * * LOW HITPOINT WARNING * * *
You hit the ogre.
The ogre is moderately wounded.
The ogre hits you with a +0 giant club.
You die...

#
#....##.###.#..#
#
#[####..)##.##.#
#######..
##...#....#
........
##.#.#.#.#
####....
#####.##†##.# #
#
#........####..#
#
#.###.#.###.?.#
# #..........# #
##.##@###..# #
#. #O# # ## ..#
.# .... .# .#.#.
..# .##. #. ###
## .. # # #' #.#


You could see an ogre.

Vanquished Creatures
  Grinder (D:3)
  A black bear (D:4)
  An ogre (D:4)
  A gnoll sergeant (D:4)
  A jelly (D:5)
  Jessica (D:3)
  An iguana (D:4)
  Natasha (twice) (D:4)
  9 gnolls
  9 adders
  A worm (D:2)
  A dart slug (D:1)
  6 orcs
  4 ball pythons
  7 bats
  7 endoplasms
  3 giant cockroaches
  13 goblins
  4 hobgoblins
  2 jackals (D:2)
  9 kobolds
  5 quokkas
  3 frilled lizards
  5 rats
97 creatures vanquished.

Notes
Turn   | Place    | Note
-------+----------+-------------------------------------------
     0 | D:1      | timneilson the Gargoyle Fighter began the quest for the
                  | Orb.
     0 | D:1      | Reached XP level 1. HP: 14/14 MP: 1/1
    99 | D:1      | Reached XP level 2. HP: 19/19 MP: 2/2
   603 | D:1      | Reached XP level 3. HP: 23/23 MP: 3/3
  1031 | D:1      | Found a faded altar of an unknown god.
  1363 | D:2      | Reached XP level 4. HP: 13/29 MP: 4/4
  1460 | D:2      | Identified the ring "Utuexix" {Will+ AC+4}
  1582 | D:2      | Reached skill level 1 in Dodging
  1975 | D:3      | Noticed Grinder
  1975 | D:3      | Paralysed by Grinder for 5 turns
  2008 | D:3      | Killed Grinder
  2009 | D:3      | Reached XP level 5. HP: 13/33 MP: 5/5
  2009 | D:3      | Reached XP level 6. HP: 15/38 MP: 6/6
  2205 | D:3      | Noticed Jessica
  2210 | D:3      | Killed Jessica
  3022 | D:4      | Found a glowing silver altar of Zin.
  3300 | D:4      | Noticed Natasha
  3306 | D:4      | Killed Natasha
  3307 | D:4      | Reached skill level 5 in Armour
  3339 | D:4      | Reached skill level 5 in Shields
  3339 | D:4      | Reached XP level 7. HP: 31/44 MP: 7/7
  3423 | D:5      | Entered Level 5 of the Dungeon
  3509 | D:4      | Noticed Natasha
  3526 | D:4      | Killed Natasha
  4078 | D:5      | Slain by an ogre

Illustrated notes

Levels and vault maps discovered:
D:1:      dpeg_arrival_long_road, layout_basic,
          shapermc_ecumenical_altar_mp_vishouse
D:2:      layout_rooms
D:3:      layout_loops_ring, uniq_grinder, uniq_jessica
D:4:      layout_basic, zin_academy, uniq_natasha
D:5:      layout_loops_cross, grunt_temple_overflow_diamond,
          mainiacjoe_overflow_alcove_2, serial_library,
          serial_library_regret_index_split_case,
          serial_library_hellmonk_small_corner, serial_library_hellmonk_h_bend,
          serial_library_regret_index_split_case,
          serial_library_hellmonk_small_corner,
          serial_library_hellmonk_statue_hall,
          serial_library_hellmonk_recessed_alcove,
          serial_library_hellmonk_small_corner,
          serial_library_hellmonk_narrow_alcove, uniq_pikel, uniq_sigmund

Skill      XL: |  1  2  3  4  5  6  7 |
---------------+----------------------+-----
Long Blades    | 2 3 4 |  4.1
Dodging        | 1 2 |  2.2
Armour         | 4 5 |  5.7
Shields        | 4 5 |  5.6
Fighting       | 4 |  4.8

Action                     |  1- 3 |  4- 6 |  7- 9 || total
---------------------------+-------+-------+-------++-------
  Melee: Long sword        |   118 |   186 |   114 ||   418
    Use: Scroll            |     3 |     8 |       ||    11
 Armour: Scale mail        |    95 |   132 |   100 ||   327
  Dodge: Dodged            |    59 |    95 |    76 ||   230
  Block: Buckler           |    21 |    58 |    42 ||   121

Table legend: (Time is in decaauts)
 A = Elapsed time spent in this place.
 B = Non-inter-level travel time spent in this place.
 C = Inter-level travel time spent in this place.
 D = Time resting spent in this place.
 E = Time spent auto-exploring this place.
 F = Levels seen in this place.
 G = Mean time per level.
                   A        B        C        D        E       F      G
               +--------+--------+--------+--------+--------+-----+--------+
         Total |   4202 |   4099 |    103 |    209 |   2902 |   5 |  840.4 |
       Dungeon |   4202 |   4099 |    103 |    209 |   2902 |   5 |  840.4 |
               +--------+--------+--------+--------+--------+-----+--------+

Top non-repeatable levels by time:
     D:1: 1383 daAuts
     D:4: 1037 daAuts
     D:3: 814 daAuts
     D:2: 594 daAuts
     D:5: 372 daAuts
